 Dungeon Crawl Stone Soup version 0.23-a0-167-gf92cf62f8f (webtiles) character file.

93 PikkenKukken the Skirmisher (level 4, -4/41 HPs)
             Began as a Minotaur Fighter on Sept 11, 2018.
             Killed by divine providence
             ... invoked by an orc priest
              (12 damage)
             ... on level 3 of the Dungeon.
             The game lasted 00:02:43 (1853 turns).

PikkenKukken the Skirmisher (Minotaur Fighter)      Turns: 1853, Time: 00:02:43

Health: -4/41      AC:  9    Str: 21    XL:     4   Next: 36%
Magic:  3/3        EV:  5    Int:  5    God:
Gold:   47         SH:  9    Dex: 10    Spells: 3/3 levels left

rFire    x . .     SeeInvis .   a - +1 long sword
rCold    + . .     Gourm    .   c - +0 shield
rNeg     . . .     Faith    .   e - +0 chain mail
rPois    .         Spirit   .   (helmet restricted)
rElec    .         Reflect  .   (no cloak)
rCorr    .         Harm     .   (no gloves)
MR       .....                  (no boots)
Stlth    ..........             (no amulet)
HPRegen  0.13/turn              l - ring of ice
MPRegen  0.08/turn              (no ring)

@: slowed, very slow
A: retaliatory headbutt, horns 2
a: no special abilities


You were on level 3 of the Dungeon.
You were not hungry.

You visited 1 branch of the dungeon, and saw 3 of its levels.

You collected 47 gold pieces.

Inventory:

Hand Weapons
 a - a +1 long sword (weapon)
Armour
 b - a +0 scale mail
 c - a +0 shield (worn)
 e - a +0 chain mail (worn)
Jewellery
 l - a ring of ice (left hand)
Scrolls
 g - a scroll of blinking {unknown}
 j - 4 scrolls of remove curse
Potions
 d - 2 potions of might
 h - 2 potions of curing {unknown}
 i - a potion of agility {unknown}
 k - 2 potions of invisibility {unknown}
Comestibles
 f - 2 rations
 m - 7 chunks of flesh


   Skills:
 + Level 4.3 Fighting
 * Level 4.0 Long Blades
 + Level 4.3 Armour
 + Level 4.3 Shields


You had 3 spell levels left.
You didn't know any spells.
Your spell library was empty.

Dungeon Overview and Level Annotations

Branches:
Dungeon (3/15)

Altars:
Ashenzari
Cheibriados
Fedhas
Hepliaklqana
Ru
Sif Muna


Innate Abilities, Weirdness & Mutations

You reflexively headbutt those who attack you in melee.
You have a pair of horns on your head.


Message History

The orc priest hits you but does no damage.
You slash the orc priest!
The orc priest is heavily wounded.
The orc priest calls down the wrath of Beogh upon you.
Beogh smites you! The orc barely misses you.
The orc priest looks encouraged for a moment.
You block the orc wizard's attack. You block the orc's attack.
Unknown command.
You hit the orc priest.
The orc priest is almost dead.
The orc hits you with a club.
The orc priest mumbles some strange prayers to Beogh against you.
Beogh smites you!
* * * LOW HITPOINT WARNING * * *
The orc wizard hits you but does no damage.
The orc hits you but does no damage.
The orc wizard hits you but does no damage.
The orc priest invokes the aid of Beogh against you.
Beogh smites you!
You die...

#..#..### #. ##..#..##
#. .........# #.
.##......## #. #.
#........# #. #
#.#......###### #.
#.#...........# #.
#.#ooo#######.# #.
#..o@.# #.# #. ###.(.#
#.# ## ######...# #.#
.......(.# ##.##
...###.(#######...######
# #..................
#..................
..(...................
#.#############........


You could see an orc priest, an orc wizard and 2 orcs.

Vanquished Creatures
  2 adders
  4 worms
  An orc (D:3)
  5 giant cockroaches
  5 goblins
  8 hobgoblins
  4 jackals (D:3)
  6 kobolds
  4 quokkas
  8 bats
  3 frilled lizards
  7 rats
57 creatures vanquished.

Notes
Turn   | Place    | Note
-------+----------+-------------------------------------------
     0 | D:1      | PikkenKukken the Minotaur Fighter began the quest for the
                  | Orb.
     0 | D:1      | Reached XP level 1. HP: 19/19 MP: 0/0
   262 | D:1      | Reached XP level 2. HP: 27/27 MP: 1/1
   872 | D:2      | Reached XP level 3. HP: 33/33 MP: 2/2
  1513 | D:2      | Found a shattered altar of Ashenzari.
  1514 | D:2      | Found a deep blue altar of Sif Muna.
  1514 | D:2      | Found a snail-covered altar of Cheibriados.
  1514 | D:2      | Found a hazy altar of Hepliaklqana.
  1527 | D:2      | Found a sacrificial altar of Ru.
  1527 | D:2      | Found a blossoming altar of Fedhas.
  1675 | D:3      | Reached XP level 4. HP: 40/40 MP: 3/3
  1853 | D:3      | Killed from afar by an orc priest

Vault maps used:
D:1:      noname_arrival_rooms_in_the_neighbourhood
D:2:      minmay_overflow_temple_hex
D:3:      cheibrodos_sewer_entry_drain, first_ration, uniq_sigmund

Skill      XL: |  1  2  3  4 |
---------------+-------------+-----
Long Blades    | 3 4 |  4.0
Armour         | 4 |  4.3
Shields        | 4 |  4.3
Fighting       | 4 |  4.3

Action                   |  1- 3 |  4- 6 || total
-------------------------+-------+-------++-------
Melee: Long sword        |   112 |    40 ||   152
       Headbutt          |    10 |     5 ||    15
  Use: Scroll            |     8 |       ||     8
  Eat: Chunk             |     2 |     1 ||     3
Armor: Scale mail        |    17 |       ||    17
       Chain mail        |    55 |    27 ||    82
Dodge: Dodged            |    26 |     3 ||    29
Block: Shield            |    75 |    27 ||   102
       Rpst.: Long sword |     7 |       ||     7

Table legend:
 A = Non-vault XP
 B = Vault XP
 C = Vault XP percentage of total XP
 D = Non-vault monster count
 E = Vault monster count
 F = Vault count percentage of total count
                 A         B        C        D         E       F
            +---------+---------+-------+---------+---------+-------
      Total |     133 |       0 |   0.0 |      57 |       0 |   0.0
            +---------+---------+-------+---------+---------+-------
        D:1 |      21 |       0 |   0.0 |      13 |       0 |   0.0
        D:2 |      74 |       0 |   0.0 |      32 |       0 |   0.0
        D:3 |      38 |       0 |   0.0 |      12 |       0 |   0.0
            +---------+---------+-------+---------+---------+-------
